 Dungeon Crawl Stone Soup version 0.29.1-13-g9f3cf754e1 (webtiles) character file.

Game seed: 10741243104823777875

56 Exodus22XD the Poker (level 3, 0/27 HPs)
             Began as a Demonspawn Gladiator on Feb 3, 2023.
             Killed from afar by an orc wizard (4 damage)
             ... with a magic dart
             ... on level 2 of the Dungeon.
             The game lasted 00:00:53 (934 turns).

Exodus22XD the Poker (Demonspawn Gladiator)          Turns: 934, Time: 00:00:53

Health: 0/27       AC:  5    Str: 16    XL:     3   Next: 69%
Magic:  3/3        EV: 12    Int:  9    God:
Gold:   78         SH:  0    Dex: 14    Spells: 2/2 levels left

rFire   . . .      SeeInvis .   a - +0 trident
rCold   . . .      Faith    .   (no shield)
rNeg    . . .      Spirit   .   b - +0 leather armour
rPois   .          Reflect  .   c - +0 helmet
rElec   .          Harm     .   (no cloak)
rCorr   +          Rampage  .   h - +0 pair of gloves
Will    .....                   (no boots)
Stlth   +.........              (no amulet)
HPRegen 0.09/turn               i - ring of resist corrosion
MPRegen 0.08/turn               (no ring)

@: confused
A: hooves 1, powered by death 1
a: no special abilities


You were on level 2 of the Dungeon.
You visited 1 branch of the dungeon, and saw 2 of its levels.

You collected 78 gold pieces.

Inventory:

Hand Weapons
 a - a +0 trident (weapon)
Missiles
 d - 3 throwing nets (quivered)
 e - a javelin
Armour
 b - a +0 leather armour (worn)
 c - a +0 helmet (worn)
 h - a +0 pair of gloves (worn)
Jewellery
 i - a ring of resist corrosion (left hand)
 m - a ring of flight
 o - a ring of see invisible
Scrolls
 g - 2 scrolls of teleportation {unknown}
 j - 2 scrolls of blinking {unknown}
 k - a scroll of identify {unknown}
 n - a scroll of poison {unknown}
Potions
 f - a potion of curing {unknown}
 l - a potion of heal wounds {unknown}


   Skills:
 + Level 2.1 Fighting
 + Level 3.5 Polearms
 - Level 1.7 Throwing
 * Level 1.1 Armour
 + Level 3.1 Dodging
 + Level 0.4 Stealth


You had 2 spell levels left.
You didn't know any spells.
Your spell library was empty.

Dungeon Overview and Level Annotations

Branches:
Dungeon (2/15)

Altars:


Innate Abilities, Weirdness & Mutations

You have large cloven feet.
You regenerate a little health from kills.


Message History

Your experience leads to an increase in your attributes!
Increase (S)trength, (I)ntelligence, or (D)exterity?
You feel stronger. x2; Your demonic ancestry asserts itself...
A wave of death washes over you.
You hit the orc wizard.
The orc wizard is moderately wounded.
The orc wizard casts a spell at you. The magic dart hits you.
You closely miss the orc wizard.
The orc wizard is moderately wounded.
The orc wizard hits you with a +0 dagger.
You completely miss the orc wizard. Your kick misses the orc wizard.
The orc wizard is moderately wounded.
The orc wizard points at you and mumbles some strange words.
You resist with significant effort.
You miss the orc wizard.
The orc wizard is moderately wounded.
The orc wizard hits you with a +0 dagger.
* * * LOW HITPOINT WARNING * * *
You closely miss the orc wizard. You kick the orc wizard.
The orc wizard is moderately wounded.
The orc wizard gestures at you while chanting.
You are confused.
The orc wizard hits you with a +0 dagger.
* * * LOW HITPOINT WARNING * * *
You bump into the rock wall.
The orc wizard closely misses you.
You hit the orc wizard. You kick the orc wizard.
The orc wizard is severely wounded.
The orc wizard misses you.
You bump into the rock wall.
The orc wizard closely misses you.
You miss the orc wizard. Your kick misses the orc wizard.
The orc wizard is severely wounded.
The orc wizard hits you with a +0 dagger.
* * * LOW HITPOINT WARNING * * *
You hit the orc wizard.
You kick the orc wizard, but do no damage.
The orc wizard is severely wounded.
The orc wizard gestures at you while chanting.
The magic dart hits you.
You die...

.# .o..... .# ....!.
.###### #....#
.'....# #....#
.####.# ######o...#
.# #.# #....#....# .#
#.# #.##.#Jo..# .#
#.# #.##.#....# .#
#.# #.##@#..#...# .#
#.#######.##o#..# ..#
.####.........#.Jo..#
.#
....##############.##
..
...................#
.#
........############
# .....##.# .....##.#
......#.#


You could see an orc wizard, an orc and an endoplasm.

Vanquished Creatures
  A hound (D:2)
  7 ball pythons
  A bat (D:1)
  5 endoplasms
  2 giant cockroaches (D:1)
  3 hobgoblins
  A kobold (D:2)
  A frilled lizard (D:1)
  4 rats
25 creatures vanquished.

Notes
Turn   | Place    | Note
-------+----------+-------------------------------------------
     0 | D:1      | Exodus22XD the Demonspawn Gladiator began the quest for the
                  | Orb.
     0 | D:1      | Reached XP level 1. HP: 16/16 MP: 1/1
   216 | D:1      | Discovered your monstrous ancestry.
   216 | D:1      | Gained mutation: You have large cloven feet. [demonic
                  | ancestry]
   216 | D:1      | Reached XP level 2. HP: 22/22 MP: 2/2
   478 | D:1      | Found a faded altar of an unknown god.
   925 | D:2      | Reached skill level 1 in Armour
   925 | D:2      | Gained mutation: You regenerate a little health from kills.
                  | [demonic ancestry]
   925 | D:2      | Reached XP level 3. HP: 16/27 MP: 3/3
   934 | D:2      | Killed from afar by an orc wizard

Illustrated notes

Levels and vault maps discovered:
D:1:      ncdulo_smallfort, layout_rooms, ebering_ecumenical_altar_sacrificial,
          serial_bayou_pond_c
D:2:      layout_basic, uniq_robin, uniq_terence

Skill      XL: |  1  2 |
---------------+-------+-----
Dodging        | 3 |  3.1
Polearms       | 3 |  3.5
Armour         | 1 |  1.1
Fighting       | |  2.1
Throwing       | |  1.7
Stealth        | |  0.4

Action                   || total
-------------------------++-------
Melee: Trident           ||    63
       Kick              ||     7
Armor: Leather armour    ||    10
Dodge: Dodged            ||    26
